 Dungeon Crawl Stone Soup version 0.30.1 (webtiles) character file.

Game seed: 6131123402706177671

1555 safid the Frost Mage (level 8, -4/65 HPs)
             Began as a Merfolk Ice Elementalist on July 6, 2023.
             Was a Follower of Vehumet.
             Killed from afar by a steam dragon (8 damage)
             ... with a ball of steam
             ... on level 7 of the Dungeon.
             The game lasted 00:08:22 (5586 turns).

safid the Frost Mage (Merfolk Ice Elementalist)     Turns: 5586, Time: 00:08:24

Health: -4/65      AC: 11    Str: 11    XL:     8   Next: 88%
Magic:  10/16      EV: 13    Int: 23    God:    Vehumet [*.....]
Gold:   456        SH:  0    Dex: 14    Spells: 11/18 levels left

rFire   . . .        s - +5 whip "Fesuq" {vamp, Str+3}
rCold   . . .        (no shield)
rNeg    . . .        a - +0 robe
rPois   .            j - +0 helmet
rElec   .            (no cloak)
rCorr   +            (no gloves)
SInv    .            (no boots)
Will    .....        y - amulet of regeneration
Stlth   ++           g - ring of resist corrosion
HPRegen 1.10/turn    t - +6 ring of intelligence
MPRegen 0.15/turn

%: no passive effects
@: ice-armoured, freezing walls, flying
A: (nimble swimmer 2), mertail
a: Renounce Religion


You were on level 7 of the Dungeon.
You worshipped Vehumet.
Vehumet was aware of your devotion.
You visited 1 branch of the dungeon, and saw 7 of its levels.

You collected 456 gold pieces.

Inventory:

Hand Weapons
 s - the +5 whip "Fesuq" (weapon) {vamp, Str+3}
   (You found it on level 3 of the Dungeon)

   Str:       It affects your strength (+3).
 B - a +2 short sword of holy wrath
Missiles
 A - a curare-tipped dart
Armour
 a - a +0 robe (worn)
 j - a +0 helmet (worn)
Jewellery
 g - a ring of resist corrosion (left hand)
 t - a +6 ring of intelligence (right hand)
 y - an amulet of regeneration (around neck)
Wands
 c - a wand of digging (1)
 l - a wand of mindburst (13)
 w - a wand of flame (25)
Scrolls
 f - 6 scrolls of identify {unknown}
 i - a scroll of amnesia {unknown}
 k - 4 scrolls of vulnerability {unknown}
 m - a scroll of immolation {unknown}
 o - 3 scrolls of magic mapping {unknown}
 q - a scroll of poison {unknown}
 v - 3 scrolls of enchant weapon {unknown}
 E - a scroll of fear {unknown}
 F - a scroll of silence {unknown}
Potions
 b - a potion of magic
 d - 3 potions of lignification {unknown}
 e - 3 potions of attraction {unknown}
 h - a potion of heal wounds {unknown}
 n - 3 potions of brilliance {unknown}
 p - a potion of haste {unknown}
 r - 3 potions of flight
 u - a potion of degeneration {unknown}
 x - a potion of resistance {unknown}
 z - 2 potions of invisibility {unknown}
 C - a potion of ambrosia {unknown}
 D - a potion of might {unknown}


   Skills:
 + Level 6.4 Fighting
 - Level 4.0 Dodging
 - Level 2.1 Stealth
 + Level 5.9 Spellcasting
 + Level 8.0 Ice Magic


You had 11 spell levels left.
You knew the following spells:

 Your Spells              Type           Power      Damage    Failure   Level
a - Freeze                Ice            100%       1d10      1%          1
b - Frozen Ramparts       Ice            86%        1d13      1%          3
c - Ozocubu's Armour      Ice            43%        N/A       1%          3

Your spell library contained the following spells:

 Spells                   Type           Power      Damage    Failure   Level
 Foxfire                  Conj/Fire      24%        2x1d5     9%          1
 Magic Dart               Conj           24%        1d4       9%          1
 Sandblast                Erth           12%        2d6       9%          1
 Passwall                 Tmut/Erth      5%         N/A       13%         2
 Searing Ray              Conj           12%        2d4       13%         2
 Summon Ice Beast         Ice/Summ       25%        N/A       16%         4
 Stone Arrow              Conj/Erth      12%        3d7       26%         3
 Metabolic Englaciation   Hex/Ice        12%        N/A       41%         5
 Fulminant Prism          Conj/Hex       3%         3d5       65%         4
 Petrify                  Tmut/Erth      6%         N/A       65%         4
 Statue Form              Tmut/Erth      4%         N/A       100%        6


Dungeon Overview and Level Annotations

Branches:
Dungeon (7/15)
 Temple: D:4-7

Altars:
Cheibriados
Dithmenos
Gozag
Hepliaklqana
Makhleb
Vehumet
Wu Jian
Xom
Yredelemnul
Zin

Shops:
D:5 ([


Innate Abilities, Weirdness & Mutations

((You are very nimble when in or above water. (Stealth+, EV+, Speed+++)))
Your lower body shifts to a powerful aquatic tail in water.


Message History

You now have 456 gold pieces (gained 5).
A steam dragon comes into view.
The steam dragon breathes steam at you. The ball of steam misses you.
No target in view!
No target in view!
You are engulfed in a cloud of scalding steam.
You are engulfed in a cloud of scalding steam.
A wyvern comes into view.
Casting: Ozocubu's Armour (safe; 1% risk of failure)
Confirm with . or Enter, or press ? or * to list all spells.
Casting: Frozen Ramparts (safe; 1% risk of failure)
Press: ? - help, Dir - look around, f - activate The walls around you are covered in ice.
The wyvern hisses angrily.
The wall freezes the wyvern!
The wyvern bites you!
The wall freezes the wyvern.
The wyvern bites you!
Unknown command.
Casting: Frozen Ramparts (safe; 1% risk of failure)
Confirm with . or Enter, or press ? or * to list all spells.
A film of ice covers your body!
The wall freezes the wyvern but does no damage.
The wyvern bites you!
* * * LOW HITPOINT WARNING * * *
The wall freezes the wyvern.
The wyvern closely misses you.
The wall freezes the steam dragon.
The steam dragon bites you.
* * * LOW HITPOINT WARNING * * *
The steam dragon closely misses you.
The wall freezes the wyvern!
The wyvern bites you.
* * * LOW HITPOINT WARNING * * *
Unknown command.
Unknown command.
It was a potion of flight.
You feel very buoyant.
You fly up into the air.
The wall freezes the wyvern but does no damage.
The wyvern barely misses you.
The wall freezes the steam dragon!
The steam dragon breathes steam at you. The ball of steam hits you!
You die...

#.######....<#)##
#.#..
####.#....##
#.#.#
#...........
#.#.#
#.##.####...
#.#D# #.....#
#... #.#§#
#..#..# #(..
#.#D#
#..#..###...
####.#.#
#..#........
#..l@#§#
#..#.#######
#.#..D.# #..#.# #
# #.#### ####.# #
#.# #.# # #.. #.#
. ### #.# # #.#
...


You could see a steam dragon (catching breath) and a wyvern.

Vanquished Creatures
  A water moccasin (D:6)
  An orc warrior (D:6)
  A black bear (D:5)
  A sky beast (D:7)
  An ogre (D:6)
  A phantom (D:5)
  3 kobold brigands
  A bullfrog (D:5)
  A howler monkey (D:5)
  3 orc priests
  A jelly (D:4)
  A gnoll bouda (D:5)
  5 hounds
  2 iguanas
  4 orc wizards
  3 gnolls (D:5)
  9 adders
  3 worms
  3 dart slugs
  27 orcs
  4 ball pythons
  9 bats
  3 endoplasms
  2 giant cockroaches
  5 goblins
  3 hobgoblins
  9 jackals
  16 kobolds
  2 quokkas
  7 frilled lizards
  2 rats (D:2)
134 creatures vanquished.

Notes
Turn   | Place    | Note
-------+----------+-------------------------------------------
     0 | D:1      | safid the Merfolk Ice Elementalist began the quest for the
                  | Orb.
     0 | D:1      | Reached XP level 1. HP: 13/13 MP: 3/3
   155 | D:1      | Reached XP level 2. HP: 20/20 MP: 5/5
   168 | D:1      | Reached skill level 1 in Fighting
   691 | D:2      | Reached XP level 3. HP: 26/26 MP: 3/6
   817 | D:2      | Found an ornate altar of the Wu Jian Council.
  1019 | D:2      | Learned a level 3 spell: Frozen Ramparts
  1023 | D:2      | Learned a level 3 spell: Ozocubu's Armour
  1045 | D:2      | Reached skill level 5 in Ice Magic
  1102 | D:2      | Reached XP level 4. HP: 33/33 MP: 8/8
  1943 | D:3      | Identified the +5 whip "Fesuq" {vamp, Str+3}
  2060 | D:3      | Found an opulent altar of Gozag.
  2110 | D:3      | Found a glowing silver altar of Zin.
  2206 | D:3      | Reached XP level 5. HP: 35/39 MP: 9/9
  2336 | D:3      | Found a faded altar of an unknown god.
  2890 | D:4      | Reached XP level 6. HP: 44/47 MP: 1/11
  3222 | D:4      | Reached skill level 6 in Ice Magic
  3405 | D:4      | Reached XP level 7. HP: 54/54 MP: 6/13
  3500 | D:5      | Entered Level 5 of the Dungeon
  3687 | D:5      | Found a basalt altar of Yredelemnul.
  3698 | D:5      | Found a shadowy altar of Dithmenos.
  3706 | D:5      | Reached skill level 5 in Fighting
  3713 | D:5      | Reached skill level 7 in Ice Magic
  3819 | D:5      | Reached XP level 8. HP: 62/62 MP: 9/15
  4061 | D:5      | Found Rabef's Antique Armour Shop.
  4112 | D:5      | Found a burning altar of Makhleb.
  4121 | D:5      | Found a hazy altar of Hepliaklqana.
  4170 | D:5      | Reached skill level 5 in Spellcasting
  4208 | D:5      | Found a snail-covered altar of Cheibriados.
  4213 | D:5      | Found an ornate altar of the Wu Jian Council.
  4217 | D:5      | Found a shimmering altar of Xom.
  4220 | D:5      | Found a radiant altar of Vehumet.
  4226 | D:5      | Became a worshipper of Vehumet
  4280 | D:5      | Found Aleczat's Weapon Emporium.
  5177 | D:6      | Reached * piety under Vehumet
  5177 | D:6      | Offered knowledge of Foxfire by Vehumet.
  5383 | D:7      | Reached skill level 8 in Ice Magic
  5581 | D:7      | Noticed a wyvern
  5585 | D:7      | HP: 3/65 [wyvern (6)]
  5586 | D:7      | Killed from afar by a steam dragon

Illustrated notes

Levels and vault maps discovered:
D:1:      ebering_trefoil_3fold, layout_basic
D:2:      layout_basic, basic_altar
D:3:      layout_basic, pdpol_temple_overflow_zin_treasury_gozag_greed,
          dreamdust_ecumenical_altar_grove
D:4:      layout_rooms
D:5:      layout_cave_pools, nicolae_overflow_hallway_of_the_gods,
          mainiacjoe_overflow_swirl, serial_shops, nicolae_shop_hallway_stairs,
          shop
D:6:      layout_basic, minmay_lizard_king
D:7:      layout_basic, marbit_many_paths, minmay_temple_entry_poolview

Skill      XL: |  1  2  3  4  5  6  7  8 |
---------------+-------------------------+-----
Fighting       | 1 2 3 4 5 6 |  6.4
Ice Magic      | 5 6 7 8 |  8.0
Spellcasting   | 3 4 5 |  5.9
Dodging        | 4 |  4.0
Stealth        | |  2.1

Action                     |  1- 3 |  4- 6 |  7- 9 || total
---------------------------+-------+-------+-------++-------
  Melee: Unarmed           |    12 |       |       ||    12
         Mace              |    28 |    19 |       ||    47
         Whip              |       |    67 |    94 ||   161
   Cast: Freeze            |    26 |    17 |     4 ||    47
         Frozen Ramparts   |       |    10 |    22 ||    32
         Ozocubu's Armour  |       |     3 |    13 ||    16
    Use: Potion            |       |       |     1 ||     1
   Stab: Sleeping          |     3 |     7 |       ||    10
 Armour: Robe              |    20 |    23 |    34 ||    77
  Dodge: Dodged            |    51 |    56 |    75 ||   182
